 Dungeon Crawl Stone Soup version 0.17.0 (webtiles) character file.

1645518 Ultraviolent4 the Archmage (level 27, 199/199 HPs)
             Began as a Deep Elf Fire Elementalist on Nov 28, 2015.
             Was the Champion of Vehumet.
             Escaped with the Orb
             ... and 3 runes!
             The game lasted 07:19:37 (114721 turns).

Ultraviolent4 the Archmage (DEFE)                 Turns: 114721, Time: 07:19:37

Health: 199/199    AC: 22    Str:  7    XL:     27
Magic:  30/56      EV: 37    Int: 43    God:    Vehumet [******]
Gold:   5578       SH:  0    Dex: 18    Spells: 16 memorised, 8 levels left

rFire  + . .     SeeInvis +     a - staff of conjuration {!a}
rCold  . . .     Clarity  +     q - +3 robe of Folly {Archmagi, MR-- Int+5 *Curse}
rNeg   + . .     SustAt   .     (no shield)
rPois  .         Gourm    .     T - +2 hat
rElec  +         Spirit   .     (no cloak)
rCorr  +         Warding  .     g - +5 pair of gloves of the Realm of Zot {*Contam rN+ rCorr}
rMut   +         Stasis   .     i - +2 pair of boots of Xeupix {rElec Regen+ Int+4}
MR     .....                    v - amulet of resist mutation
Stlth  +.........               f - ring "Miebonla" {rF+ Dex+5 SInv}
                                L - +5 ring of evasion

@: very slightly contaminated, delayed fireball, deflect missiles, not resistant
to hostile enchantments, very unstealthy
A: yellow scales 1, blink, clarity, clumsy 1, strong 1
a: Blink, Renounce Religion, Release Delayed Fireball
0: Orb of Zot
}: 3/15 runes: serpentine, barnacled, slimy


You escaped.
You worshipped Vehumet.
Vehumet was exalted by your worship.
You were not hungry.

You visited 11 branches of the dungeon, and saw 59 of its levels.
You visited the Abyss 1 time.
You visited 1 ziggurat, and saw 22 of its levels.
You also visited: Trove, Ice Cave and Wizlab.

You collected 9767 gold pieces.
You spent 4189 gold pieces at shops.

Inventory:

Hand Weapons
 b - a +9 dagger of electrocution
 m - the +6 spear "Litia" {drain, Str+4 Int+6}
   (You found it on level 6 of the Pits of Slime)

   A truly terrible weapon, it drains the life of those it strikes.
   It affects your strength (+4).
   It affects your intelligence (+6).
Missiles
 y - 25 throwing nets (quivered) {!f}
Armour
 g - the +5 pair of gloves of the Realm of Zot (worn) {*Contam rN+ rCorr}
   (You found it on level 6 of the Pits of Slime)

   It protects you from negative energy.
   It causes magical contamination when unequipped.
   It protects you from acid and corrosion.
 i - the +2 pair of boots of Xeupix (worn) {rElec Regen+ Int+4}
   (You found it on level 22 of a ziggurat)

   It affects your intelligence (+4).
   It insulates you from electricity.
   It increases your rate of regeneration.
 q - the +3 robe of Folly (worn) {Archmagi, MR-- Int+5 *Curse}
   (You found it on level 6 of a ziggurat)

   It affects your intelligence (+5).
   It affects your resistance to hostile enchantments.
   It may re-curse itself when equipped.
 J - a +2 pair of boots of running
 P - a quicksilver dragon armour
 T - a +2 hat (worn)
Magical Staves
 a - an uncursed staff of conjuration (weapon) {!a}
Jewellery
 f - the ring "Miebonla" (right hand) {rF+ Dex+5 SInv}
   (You found it on level 12 of a ziggurat)

   [ring of see invisible]

   It affects your dexterity (+5).
   It protects you from fire.
   It lets you see invisible.
 v - an amulet of resist mutation (around neck)
 E - the ring of the Ancients {+/*Tele rPois Str-2 Int+8 Dex+4}
   (You found it on level 21 of a ziggurat)

   [ring of teleportation]

   It may teleport you to nearby monsters, and can be evoked to randomly
   teleport.
   It affects your strength (-2).
   It affects your intelligence (+8).
   It affects your dexterity (+4).
   It protects you from poison.
 L - a +5 ring of evasion (left hand)
 Y - the ring of Quruer {rPois rC+ rN+ Int+4 Stlth-}
   (You found it on level 22 of a ziggurat)

   [ring of intelligence]

   It affects your intelligence (+4).
   It protects you from cold.
   It protects you from poison.
   It protects you from negative energy.
   It makes you less stealthy.
Wands
 w - a wand of digging (15)
 B - a wand of heal wounds (8) {@v2}
 I - a wand of teleportation (6) {@v4}
 W - a wand of hasting (6) {@v3}
Scrolls
 e - 19 scrolls of remove curse {@r2}
 k - 6 scrolls of blinking
 p - 8 scrolls of magic mapping
 r - 20 scrolls of fog
 C - 3 scrolls of holy word
 G - 5 scrolls of recharging
 N - 17 scrolls of teleportation {@r4}
 Q - a scroll of silence
 R - 3 scrolls of summoning
 U - 6 scrolls of amnesia
 V - a scroll of fear
 X - 8 scrolls of identify {@r1}
Potions
 d - a potion of berserk rage
 h - 4 potions of ambrosia {!q}
 l - 3 potions of curing {@q1}
 o - 6 potions of agility
 x - 5 potions of might
 z - a potion of heal wounds {@q2}
 A - a potion of resistance
 H - 4 potions of invisibility
 K - 5 potions of flight
 M - a potion of haste {@q3}
 S - 7 potions of cure mutation
Books
 j - a book of Alchemy

   Spells                             Type                      Level
   a - Sublimation of Blood           Necromancy                   2
   b - Ignite Poison                  Fire/Transmutation/Poison    3
   c - Alistair's Intoxication        Transmutation/Poison         4
   d - Condensation Shield            Ice                          4
   e - Petrify                        Transmutation/Earth          4
   f - Irradiate                      Conjuration/Transmutation    5
 n - The Intricacies of Rites and Rhymes
   (You found it on level 16 of a ziggurat)

   Spells                             Type                      Level
   a - Tornado                        Air                          9
Comestibles
 c - 2 bread rations
 s - 22 meat rations
 u - 7 slices of pizza
 D - 8 royal jellies
 F - 12 beef jerkies


   Skills:
 O Level 27 Fighting
 + Level 22.0 Armour
 + Level 24.9 Dodging
 - Level 2.4 Stealth
 O Level 27 Spellcasting
 - Level 24.0 Conjurations
 - Level 13.0 Charms
 - Level 23.9 Fire Magic


You had 8 spell levels left.
You knew the following spells:

 Your Spells              Type           Power        Failure   Level  Hunger
a - Bolt of Fire          Conj/Fire      #########.   0%          6    None
b - Iskenderun's Mystic   Conj           ########     0%          4    None
c - Shadow Creatures      Summ           N/A          10%         5    None
d - Iron Shot             Conj/Erth      #########.   1%          6    None
e - Deflect Missiles      Chrm/Air       ########..   2%          6    None
f - Haste                 Chrm           ########     1%          6    None
g - Summon Butterflies    Summ           ######..     1%          1    None
h - Apportation           Tloc           ######....   1%          1    None
i - Blink                 Tloc           N/A          1%          2    None
q - Regeneration          Chrm/Necr      ########..   1%          3    None
r - Ring of Flames        Chrm/Fire      ########..   1%          7    None
s - Fire Storm            Conj/Fire      #########.   1%          9    None
v - Delayed Fireball      Conj/Fire      N/A          1%          7    None
w - Shroud of Golubria    Chrm/Tloc      ########..   1%          2    None
x - Fireball              Conj/Fire      #########.   0%          5    None
z - Orb of Destruction    Conj           #########.   1%          7    None


Dungeon Overview and Level Annotations

Branches:
Dungeon (15/15)            Temple (1/1) D:7            Lair (8/8) D:9
 Shoals (4/4) Lair:6        Snake (4/4) Lair:3        Slime (6/6) Lair:6
    Orc (4/4) D:9             Elf (3/3) Orc:4        Vaults (4/5) D:13
  Crypt (0/3) Vaults:2     Depths (5/5) D:15            Zot (5/5) Depths:5

Altars:
Ashenzari
Cheibriados
Fedhas
Gozag
Kikubaaqudgha
Makhleb
Nemelex Xobeh
Qazlal
Sif Muna
Vehumet
Xom
The Shining One
Beogh

Shops:
D:6 !   D:14 [   Orc:2 (   Orc:4 !*}:=   Elf:1 [   Elf:2 *   Shoals:3 }
Snake:1 %*   Vaults:2 }   Vaults:3 =   Vaults:4 }

Portals:
Hell: Lair:8 Depths:1 Depths:2 Depths:3 Depths:4 Depths:5
Abyss: Depths:2 Depths:4
Pandemonium: Depths:1 Depths:3 Depths:4

Annotations:
D:3 Senshi's ghost, amateur DsWn
Elf:2 3 runed doors


Innate Abilities, Weirdness & Mutations

You are partially covered in yellow scales (AC +2).
You can translocate small distances at will.
You possess an exceptional clarity of mind.
You are clumsy. (Dex -2)
Your muscles are strong. (Str +2)


Message History

Okay, then.
Casting: Fire Storm
Aiming: Iron Shot
Aim: a chaos spawn You feel a strong surge of power!
The iron shot hits the chaos spawn.
You kill the chaos spawn!
Vehumet accepts your kill.
You feel your power returning.
The chaos spawn degenerates into a cloud of primal chaos!
The giant gecko misses you. The giant gecko completely misses you.
There is an open door here.
The giant gecko misses you.
There is a staircase leading out of the dungeon here.
Zapping:
W - a wand of hasting (7) {@v3}
Aim: a giant gecko The giant gecko seems to speed up.
This wand has 6 charges left.
The giant gecko completely misses you. The giant gecko closely misses you.
Okay, then.
The giant gecko completely misses you. x2
You have escaped!

#.#.#.####.# # #.#.#.#..#.# #
#.#.#.##.#.# #
#.#.#.##.#.######## #
###.#.#....#........########### #
..............#####...........# #
###.#........##...###########.###
..#.##########.....# #....
#.#....#######..@..# ########..##
#.##....5....#..l..###.........##
..#..#####...##...###..#####....#
....##...##...##'##...##...##....
.####.....##...5....#.#.....###..
.# #.....'..###⌠####.'.....# ##.
.# #.....#..# ### ###.....# #.
.#####...###.# ##...## #.
.....##### #.# ##### ##


You could see a shadow imp and a giant gecko.

Vanquished Creatures
  the royal jelly (Slime:6)
  Dissolution (Slime:1)
  A seraph (Depths:2)
  6 orbs of fire (Zot:5)
  Mara (Vaults:3)
  Mennas (Vaults:4)
  11 juggernauts
  8 ancient liches
  23 pandemonium lords
  11 Killer Klowns
  3 curse toes
  A caustic shrike (Zig:11)
  2 golden dragons (shapeshifter)
  22 golden dragons
  A profane servitor (Zig:17)
  Nikola (Shoals:2)
  Jory (Vaults:4)
  the Enchantress (Depths:1)
  Xtahua (Vaults:4)
  A bone dragon (Zig:17)
  3 electric golems
  Jorgrun (Depths:5)
  13 tentacled monstrosities
  An Ice Fiend (D:6)
  2 Hell Sentinels
  8 liches
  2 deep elf blademasters
  A Shadow Fiend (Zig:21)
  13 titans
  26 Orb Guardians
  A quicksilver dragon (shapeshifter) (Zig:21)
  5 ancient champions (Zig:17)
  4 deep elf master archers
  25 acid blobs
  4 quicksilver dragons
  A sphinx (shapeshifter) (Zig:20)
  Polyphemus (Shoals:4)
  2 krakens
  7 sphinxes
  4 octopode crushers
  5 shadow dragons
  A shadow dragon (shapeshifter) (Zig:20)
  5 tentacled starspawn
  Kirke (D:15)
  8 draconian monks
  12 death cobs
  25 fire giants
  6 greater nagas (Snake:4)
  Roxanne (Shoals:1)
  22 storm dragons
  5 revenants (Zig:17)
  A daeva (Depths:2)
  2 tengu reavers
  Ilsuiw (Shoals:3)
  Wiglaf (Elf:3)
  10 azure jellies
  6 iron dragons
  5 vault wardens
  15 draconian knights
  An orc warlord (Zig:4)
  10 deep elf sorcerers
  5 draconian scorchers
  9 ghost moths
  3 cacodemons
  Aizul (Snake:1)
  29 frost giants
  2 frost giants (shapeshifter)
  A fire giant (shapeshifter) (Zig:21)
  3 balrugs
  An emperor scorpion (Zig:15)
  A curse skull (Zig:17)
  12 draconian zealots
  9 draconian shifters
  2 ghouls (Zig:17)
  An angel (Depths:2)
  A reaper (Zig:17)
  4 spriggan defenders
  4 war gargoyles
  10 ironheart preservers
  15 draconian annihilators
  30 stone giants
  11 vampire knights
  14 green draconians
  21 very ugly things
  2 chaos champions
  11 draconian callers
  2 bennus (Zig:5)
  7 deep elf demonologists
  8 deep elf annihilators
  2 lorocyprocas
  3 salamander stormcallers (Vaults:3)
  2 dire elephants (Lair:8)
  Azrael (Snake:1)
  8 red draconians
  17 white draconians
  9 black draconians
  13 yellow draconians
  10 purple draconians
  14 mottled draconians
  6 deep elf death magi
  13 merfolk javelineers
  2 mummy priests (Zig:5)
  11 crystal guardians
  4 jiangshi
  4 eidola
  18 merfolk impalers
  3 vault guards
  23 ettins
  11 death oozes
  6 deep elf high priests
  4 entropy weavers
  15 ice dragons
  12 great orbs of eyes
  A green death (D:2)
  29 fire dragons
  15 yaktaur captains
  9 hydras
  12 naga warriors
  An ice dragon (shapeshifter) (Zig:21)
  3 rakshasas
  2 spriggan air magi
  5 catoblepae
  4 satyrs
  A death knight (Zig:17)
  A hell beast (D:11)
  An alligator snapping turtle (shapeshifter) (Zig:21)
  2 dancing weapons (Elf:2)
  2 merfolk avatars
  3 alligator snapping turtles
  20 centaur warriors
  7 death yaks
  10 merfolk aquamancers
  9 anacondas
  15 ogre magi
  5 vampire magi
  3 tengu warriors
  A ghost crab (shapeshifter) (Vaults:3)
  16 deep troll earth magi
  19 naga sharpshooters
  7 deep troll shamans
  8 spriggan berserkers
  13 deep elf knights
  2 orc high priests
  2 soul eaters
  A hell hog (Abyss:3)
  3 hell knights
  3 thrashing horrors (Abyss:3)
  6 shock serpents
  8 shadow wraiths
  5 sun demons
  4 wretched stars
  2 iron trolls (shapeshifter)
  6 skeletal warriors
  2 death scarabs (Zig:5)
  2 storm dragon skeletons (Zig:9)
  4 ice devils
  4 giant orange brains
  A golden dragon zombie (Abyss:3)
  10 sea snakes
  2 giant orange brains (shapeshifter)
  A salamander mystic (Snake:2)
  6 iron trolls
  2 fire crabs
  A sea snake (shapeshifter) (Zig:20)
  2 swamp dragons
  8 naga ritualists
  2 unseen horrors (shapeshifter)
  2 spriggan druids
  17 deep elf summoners
  15 ironbrand convokers
  5 unseen horrors
  21 hill giants
  23 deep trolls
  10 orc knights
  An obsidian statue (Vaults:3)
  2 orange crystal statues
  3 flayed ghosts
  15 deep elf conjurers
  6 necromancers
  A phantasmal warrior (D:12)
  12 orb spiders
  7 mana vipers
  29 harpies
  17 griffons
  6 wizards
  A shining eye (shapeshifter) (Zig:20)
  9 wolf spiders
  An anubis guard (shapeshifter) (Depths:2)
  12 manticores
  48 ugly things
  A stone giant zombie (Zig:9)
  A hornet (shapeshifter) (Zig:20)
  10 water nymphs
  2 frost giant zombies
  40 moths of wrath
  A fire giant zombie (Depths:2)
  4 oklob plants (Zig:15)
  A tengu skeleton (Vaults:3)
  4 orc sorcerers
  5 salamanders
  An iron dragon skeleton (Abyss:3)
  A worldbinder (Abyss:3)
  9 sirens
  A wolf spider (shapeshifter) (Zig:20)
  5 hornets
  13 vault sentinels
  22 fauns
  A salamander (shapeshifter) (Abyss:3)
  A faun (shapeshifter) (Zig:20)
  4 shining eyes
  A cyclops (shapeshifter) (D:12)
  A frost giant skeleton (Vaults:3)
  3 guardian serpents
  A water nymph (shapeshifter) (Depths:2)
  18 cyclopes
  2 centaur zombies
  5 sixfirhies
  7 apocalypse crabs
  A fire giant skeleton (Zig:9)
  A moth of wrath (shapeshifter) (Zig:19)
  12 elephants
  2 eyes of devastation
  2 ice statues
  A black mamba (shapeshifter) (Vaults:4)
  28 naga magi
  Psyche (D:8)
  9 orange demons
  4 gargoyles
  14 spiny frogs
  2 torpor snails
  6 centaur skeletons
  37 black mambas
  A spiny frog (shapeshifter) (Depths:3)
  A spriggan skeleton (D:15)
  An efreet (Abyss:3)
  A hellion (Zig:9)
  8 komodo dragons
  9 kobold demonologists
  A tormentor (Zig:9)
  5 smoke demons
  A silent spectre (Abyss:3)
  4 demonic crawlers
  11 fire drakes
  11 deep elf priests
  A guardian mummy (Zig:5)
  A hellwing (Abyss:3)
  3 blue devils
  4 ancient zymes
  67 yaktaurs
  60 merfolk
  3 red devils
  9 tengu conjurers
  8 freezing wraiths
  21 polar bears
  17 trolls
  2 queen bees
  2 wind drakes
  8 jumping spiders
  101 slime creatures
  A fire drake (shapeshifter) (Depths:1)
  A human simulacrum (Vaults:3)
  Grinder (D:4)
  A giant leech (shapeshifter) (Zig:20)
  Prince Ribbit (D:7)
  23 two-headed ogres
  A slime creature (shapeshifter) (D:13)
  An ushabti (Zig:5)
  3 boulder beetles
  A hornet zombie (D:14)
  16 blink frogs
  A raiju (shapeshifter) (D:15)
  6 raiju
  An ettin zombie (D:15)
  14 snapping turtles
  2 spriggan zombies
  16 flying skulls
  11 small abominations
  2 spriggans
  A trapdoor spider (shapeshifter) (Depths:3)
  12 starcursed masses
  2 ynoxinuls
  12 tarantellas
  3 trapdoor spiders
  19 redbacks
  3 fire elementals (Snake:1)
  9 golden eyes
  2 wyverns (shapeshifter)
  A vampire (Abyss:2)
  24 deep elf fighters
  4 fire bats (Abyss:3)
  29 water elementals
  4 wyverns
  A basilisk (Zig:7)
  29 deep elf magi
  2 hogs (D:15)
  6 shadows
  A tarantella (shapeshifter) (Zig:12)
  5 wraiths
  A neqoxec (Depths:4)
  23 hippogriffs
  A spriggan simulacrum (Depths:2)
  8 steam dragons
  6 chaos spawn
  37 wolves
  11 wargs
  19 water moccasins
  71 yaks
  Menkaure (D:7)
  2 hungry ghosts
  63 nagas
  2 soldier ants (shapeshifter)
  2 mottled dragons
  3 hell hounds (Snake:1)
  A tengu zombie (D:15)
  17 large abominations
  3 swamp drakes
  A wasp (Depths:2)
  19 porcupines
  A black bear (D:7)
  4 spiders
  55 ogres
  24 orc warriors
  6 boggarts
  3 necrophages
  2 ice beasts
  An eye of draining (shapeshifter) (Depths:5)
  8 sky beasts
  The ghost of Senshi the Poker, an amateur DsWn (D:6)
  8 eyes of draining
  4 phantoms
  30 centaurs
  6 big kobolds
  34 crocodiles
  2 gnoll sergeants
  An earth elemental (Zig:11)
  21 giant frogs
  57 killer bees
  2 scorpions
  An electric eel (D:9)
  3 wights (D:7)
  20 orc priests
  4 hounds
  2 giant frog zombies
  3 crimson imps
  8 quasits
  2 gnoll shamans
  25 jellies
  35 orc wizards
  2 giant frog skeletons
  A human skeleton (Abyss:3)
  6 hell rats (Lair:5)
  2 iron imps
  A lightning spire (Zig:4)
  11 worker ants
  14 iguanas
  23 sheep
  A hound zombie (D:8)
  3 hound skeletons
  3 mummies (Zig:5)
  2 worker ant zombies
  A river rat (shapeshifter) (Vaults:2)
  70 river rats
  6 adders
  38 gnolls
  6 shadow imps
  17 white imps
  7 ufetubi
  2 oozes
  An adder skeleton (D:4)
  An adder zombie (D:5)
  5 worms
  8 giant geckos
  177 orcs
  5 bats
  7 giant cockroaches
  9 goblins
  3 hobgoblins
  24 jackals
  10 kobolds
  6 quokkas
  A ball python (D:4)
  A giant gecko zombie (D:5)
  6 giant newts
  7 rats
  A block of ice (Zig:20)
  A bush (Lair:3)
  4 crawling corpses
  8 fire vortices
  5 fungi
  33 plants
  5 starspawn tentacles
  2 starspawn tentacle segments (Abyss:3)
  7 tentacles
  A tentacle segment (Shoals:3)
3507 creatures vanquished.

Vanquished Creatures (collateral kills)
  A Killer Klown (Zig:21)
  A deep elf blademaster (Elf:3)
  A titan (Zig:18)
  An acid blob (Slime:6)
  2 storm dragons
  2 frost giants
  A draconian knight (Zot:1)
  An ironheart preserver (Vaults:3)
  A war gargoyle (Zig:11)
  A stone giant (Depths:1)
  A very ugly thing (Depths:3)
  A white draconian (Zot:5)
  2 red draconians
  A dire elephant (shapeshifter) (Zig:21)
  An ettin (Zig:16)
  2 deep elf death magi
  A deep elf high priest (Elf:3)
  A fire dragon (Depths:3)
  An entropy weaver (Depths:5)
  A necromancer (D:15)
  An ironbrand convoker (Zig:19)
  2 two-headed ogres
  A jumping spider (Zig:15)
  A large abomination (Abyss:3)
  A slime creature (Depths:3)
  A redback (Vaults:4)
  A water elemental (Depths:4)
  A tarantella (Zig:15)
  A golden eye (Slime:5)
  A golden eye (shapeshifter) (Vaults:4)
  A deep elf fighter (Elf:3)
  2 spiders (Zig:15)
  A boggart (Elf:1)
  3 ogres (Depths:2)
  A starcursed mass (Abyss:3)
  3 jellies
  A mummy (Zig:5)
  4 orcs
  6 crawling corpses
57 creatures vanquished.

Vanquished Creatures (others)
  A pandemonium lord (Zig:20)
  A ghost moth (Zot:4)
  Fannar (Orc:2)
  A fire drake (Lair:6)
  3 golden eyes (Slime:5)
  A fire bat (Abyss:3)
  A large abomination (Abyss:3)
  An eye of draining (Abyss:3)
  A brain worm (Abyss:3)
  A giant frog (D:15)
  A small abomination (Abyss:3)
  A shadow imp (D:15)
  2 bushes (Zig:21)
  767 fire vortices
  2 fulminant prisms (Zig:21)
  46 fungi
  A lurking horror (Abyss:3)
  41 plants
  14 starspawn tentacles
  341 starspawn tentacle segments
  11 tentacles
  169 tentacle segments
1408 creatures vanquished.

Grand Total: 4972 creatures vanquished

Notes
Turn   | Place    | Note
--------------------------------------------------------------
     0 | D:1      | Ultraviolent4 the Deep Elf Fire Elementalist began the quest for the Orb.
     0 | D:1      | Reached XP level 1. HP: 10/10 MP: 6/6
   437 | D:1      | Reached XP level 2. HP: 15/15 MP: 5/8
   441 | D:1      | Learned a level 2 spell: Throw Flame
   997 | D:2      | Found a faded altar to an unknown god.
  1139 | D:2      | Found a burning altar of Makhleb.
  1229 | D:2      | Reached XP level 3. HP: 19/19 MP: 6/9
  1234 | D:2      | Learned a level 3 spell: Conjure Flame
  1328 | D:2      | Reached skill level 4 in Fire Magic
  1914 | D:3      | Noticed Senshi's ghost (amateur DsWn)
  1968 | D:4      | Noticed an ogre
  2037 | D:4      | Killed an ogre
  2037 | D:4      | Reached XP level 4. HP: 24/24 MP: 0/11
  2037 | D:4      | Reached XP level 5. HP: 28/28 MP: 0/12
  2352 | D:4      | Noticed Grinder
  2461 | D:4      | Paralysed by Grinder for 2 turns
  2740 | D:2      | Learned a level 4 spell: Sticky Flame
  3291 | D:3      | Reached skill level 5 in Fire Magic
  3720 | D:4      | Reached XP level 6. HP: 32/32 MP: 4/14
  3851 | D:4      | Paralysed by Grinder for 4 turns
  4061 | D:4      | Paralysed by Grinder for 4 turns
  4065 | D:4      | Killed Grinder
  4264 | D:4      | Reached skill level 5 in Spellcasting
  4264 | D:4      | Reached XP level 7. HP: 36/36 MP: 11/16
  4275 | D:4      | Learned a level 5 spell: Fireball
  4404 | D:4      | Noticed a water moccasin
  4409 | D:4      | Killed a water moccasin
  4409 | D:4      | Reached skill level 6 in Fire Magic
  4481 | D:4      | Noticed a gnoll sergeant
  4619 | D:4      | Reached skill level 5 in Conjurations
  4683 | D:4      | Killed a gnoll sergeant
  5666 | D:4      | Reached skill level 7 in Fire Magic
  5766 | D:4      | Reached XP level 8. HP: 41/41 MP: 5/18
  5903 | D:4      | Learned a level 1 spell: Summon Butterflies
  6220 | D:5      | Entered Level 5 of the Dungeon
  6331 | D:5      | Reached skill level 5 in Dodging
  6377 | D:5      | Reached skill level 8 in Fire Magic
  6655 | D:5      | Gained mutation: You can translocate small distances at will. [mutagenic meat]
  6656 | D:5      | Gained mutation: Scrolls take you a little longer to read. [mutagenic meat]
  6657 | D:5      | Gained mutation: You evolve. [mutagenic meat]
  7501 | D:5      | Gained mutation: You have a pair of small horns on your head. [evolution]
  7501 | D:5      | Lost mutation: You evolve. [end of evolution]
  7863 | D:6      | Found Worypny's Distillery.
  7886 | D:6      | Bought a potion of heal wounds for 75 gold pieces
  7886 | D:6      | Bought a potion of curing for 45 gold pieces
  7886 | D:6      | Bought a potion of heal wounds for 75 gold pieces
  7886 | D:6      | Bought a potion of mutation for 37 gold pieces
  7890 | D:6      | Reached XP level 9. HP: 45/45 MP: 10/21
  7891 | D:6      | Gained mutation: You are partially covered in yellow scales (AC +2). [potion of mutation]
  7891 | D:6      | Gained mutation: You are clumsy. (Dex -2) [potion of mutation]
  8599 | D:7      | Noticed Menkaure
  8602 | D:7      | Killed Menkaure
  8655 | D:7      | Learned a level 3 spell: Stone Arrow
  8679 | D:7      | Noticed a hill giant
  8694 | D:7      | Killed a hill giant
  8694 | D:7      | Reached skill level 9 in Fire Magic
  8803 | D:7      | Found a staircase to the Ecumenical Temple.
  8816 | Temple   | Entered the Ecumenical Temple
  8835 | Temple   | Became a worshipper of Vehumet
  9044 | D:7      | Found a glowing golden altar of the Shining One.
  9197 | D:7      | Noticed Prince Ribbit
  9202 | D:7      | Killed Prince Ribbit
  9801 | D:8      | Gained mutation: Your mind is acute. (Int +2) [mutagenic meat]
  9803 | D:8      | Lost mutation: Scrolls take you a little longer to read. [mutagenic meat]
  9944 | D:8      | Reached skill level 10 in Fire Magic
  9947 | D:8      | Reached XP level 10. HP: 50/50 MP: 11/24
 10597 | D:9      | Noticed Psyche
 10603 | D:8      | Killed Psyche
 10674 | D:9      | Reached * piety under Vehumet
 10674 | D:9      | Offered knowledge of Shock by Vehumet.
 11390 | D:9      | Reached skill level 10 in Conjurations
 11793 | D:9      | Found a staircase to the Lair.
 11821 | D:9      | Found a staircase to the Orcish Mines.
 12369 | D:10     | Entered Level 10 of the Dungeon
 12369 | D:10     | Noticed a hill giant
 12378 | D:10     | Killed a hill giant
 12378 | D:10     | Reached skill level 1 in Fighting
 12378 | D:10     | Reached skill level 11 in Fire Magic
 12550 | D:10     | Noticed a hill giant
 13051 | D:9      | Killed a hill giant
 13051 | D:9      | Reached XP level 11. HP: 25/56 MP: 6/26
 13419 | D:10     | Reached skill level 10 in Spellcasting
 13622 | D:10     | Learned a level 4 spell: Iskenderun's Mystic Blast
 13655 | D:10     | Noticed an unseen horror
 13658 | D:10     | Killed an unseen horror
 13921 | D:10     | Noticed a hill giant
 13928 | D:10     | Killed a hill giant
 14225 | D:10     | Reached ** piety under Vehumet
 14552 | D:10     | Offered knowledge of Freeze by Vehumet.
 15818 | D:11     | Offered knowledge of Ignite Poison by Vehumet.
 16011 | D:11     | Noticed an unseen horror
 16013 | D:11     | Killed an unseen horror
 16293 | D:11     | Noticed a six-headed hydra
 16298 | D:11     | Killed a six-headed hydra
 16724 | D:11     | Noticed a hill giant
 16729 | D:11     | Killed a hill giant
 16729 | D:11     | Reached skill level 12 in Fire Magic
 16899 | Orc:1    | Entered Level 1 of the Orcish Mines
 17247 | Orc:2    | Found a roughly hewn altar of Beogh.
 17252 | Orc:2    | Noticed Fannar
 17393 | Orc:1    | Learned a level 5 spell: Iskenderun's Battlesphere
 17492 | Orc:2    | Killed Fannar
 17492 | Orc:2    | Reached skill level 1 in Charms
 18158 | Orc:1    | Found a roughly hewn altar of Beogh.
 18349 | Orc:2    | Found Lacvoa Hely's Antique Weapon Shoppe.
 18473 | Orc:2    | Reached *** piety under Vehumet
 18542 | Orc:2    | Reached XP level 12. HP: 64/64 MP: 1/29
 19111 | Orc:4    | Entered Level 4 of the Orcish Mines
 19220 | Orc:3    | Offered knowledge of Static Discharge by Vehumet.
 19618 | Orc:3    | Reached **** piety under Vehumet
 20253 | Orc:4    | Found Humuidghu's Gadget Shoppe.
 20291 | Orc:4    | Offered knowledge of Bolt of Magma by Vehumet.
 20318 | Orc:4    | Learned a level 5 spell: Bolt of Magma
 20511 | Orc:4    | Bought a wand of heal wounds (1) for 390 gold pieces
 20540 | Orc:4    | Noticed an ogre mage
 20546 | Orc:4    | Killed an ogre mage
 21266 | Orc:4    | Noticed an ogre mage
 21409 | Orc:4    | Killed an ogre mage
 21564 | Orc:4    | Reached ***** piety under Vehumet
 21564 | Orc:4    | Offered knowledge of Ozocubu's Refrigeration by Vehumet.
 21719 | Orc:4    | Reached skill level 10 in Dodging
 22198 | Orc:4    | Reached skill level 13 in Spellcasting
 22390 | Orc:4    | Found Otach's Book Shop.
 22391 | Orc:4    | Found Ceff's Jewellery Boutique.
 22395 | Orc:4    | Found Horupt's Assorted Antiques.
 22404 | Orc:4    | Found Meerrai's Distillery.
 22408 | Orc:4    | Bought a dented malachite amulet for 190 gold pieces
 22408 | Orc:4    | Bought a scroll labeled PAWNI YCSOQUPH for 38 gold pieces
 22418 | Orc:4    | Bought a potion of heal wounds for 65 gold pieces
 22418 | Orc:4    | Bought a potion of heal wounds for 65 gold pieces
 22575 | Orc:4    | Found a staircase to the Elven Halls.
 22798 | Orc:4    | Bought a book of Battle for 600 gold pieces
 22802 | Orc:4    | Learned a level 3 spell: Regeneration
 22806 | Orc:4    | Learned a level 2 spell: Shroud of Golubria
 22950 | Lair:1   | Entered Level 1 of the Lair of Beasts
 23284 | Lair:1   | Reached XP level 13. HP: 72/72 MP: 23/32
 24345 | Lair:2   | Offered knowledge of Venom Bolt by Vehumet.
 25351 | Lair:3   | Found a staircase to the Snake Pit.
 26162 | Lair:3   | Reached skill level 5 in Fighting
 27470 | Lair:4   | Offered knowledge of Orb of Destruction by Vehumet.
 27485 | Lair:4   | Learned a level 7 spell: Orb of Destruction
 27704 | Lair:4   | Reached skill level 14 in Spellcasting
 27709 | Lair:4   | Reached skill level 5 in Charms
 29363 | Lair:5   | Found a runed door.
 30390 | Lair:6   | Found a staircase to the Slime Pits.
 30856 | Lair:6   | Reached XP level 14. HP: 50/78 MP: 27/34
 31044 | Lair:6   | Found a staircase to the Shoals.
 31047 | Lair:6   | Offered knowledge of Bolt of Fire by Vehumet.
 32797 | Lair:7   | Learned a level 6 spell: Iron Shot
 33856 | Lair:7   | Offered knowledge of Delayed Fireball by Vehumet.
 33874 | Lair:7   | Learned a level 7 spell: Delayed Fireball
 34322 | Lair:8   | Entered Level 8 of the Lair of Beasts
 34416 | Lair:7   | Reached skill level 15 in Spellcasting
 37059 | Lair:8   | Found a burning altar of Makhleb.
 37261 | Lair:8   | Reached skill level 15 in Fire Magic
 37636 | Lair:8   | Found a gateway to Hell.
 38100 | Orc:4    | Bought a book of Air for 525 gold pieces
 38103 | Orc:4    | Learned a level 2 spell: Repel Missiles
 38322 | Snake:1  | Entered Level 1 of the Snake Pit
 38477 | Snake:1  | Noticed Aizul
 38485 | Snake:1  | Killed Aizul
 38485 | Snake:1  | Reached XP level 15. HP: 84/84 MP: 12/36
 38543 | Snake:1  | Found Omontush's Food Boutique.
 38701 | Snake:1  | Offered knowledge of Poisonous Cloud by Vehumet.
 38798 | Snake:1  | Found Ranecoh's Assorted Antiques.
 39127 | Snake:1  | Noticed Azrael
 39136 | Snake:1  | Killed Azrael
 39649 | Snake:1  | Reached skill level 15 in Conjurations
 40288 | Snake:2  | Reached skill level 16 in Spellcasting
 42636 | Snake:3  | Got a heavily runed scale mail
 43336 | Snake:3  | Gained mutation: You have a pair of horns on your head. [potion of beneficial mutation]
 43363 | Snake:3  | Offered knowledge of Freezing Cloud by Vehumet.
 43992 | Shoals:1 | Entered Level 1 of the Shoals
 44012 | Shoals:1 | Reached skill level 17 in Spellcasting
 44275 | Shoals:1 | Reached XP level 16. HP: 92/92 MP: 20/39
 45096 | Shoals:1 | Noticed Roxanne
 45105 | Shoals:1 | Killed Roxanne
 46275 | Shoals:2 | Noticed Nikola
 46303 | Shoals:2 | Killed Nikola
 47917 | Shoals:3 | Found Zeb Risu's Gadget Emporium.
 48850 | Shoals:4 | Entered Level 4 of the Shoals
 48856 | Shoals:4 | Reached skill level 18 in Spellcasting
 49601 | Shoals:4 | Noticed Polyphemus
 49605 | Shoals:4 | Killed Polyphemus
 49717 | Shoals:3 | Reached XP level 17. HP: 91/97 MP: 25/41
 50284 | Shoals:3 | Got a jewelled plate armour
 51009 | Shoals:4 | Noticed Ilsuiw
 52539 | Shoals:3 | Killed Ilsuiw
 53973 | Shoals:4 | Reached skill level 19 in Spellcasting
 54436 | Shoals:4 | Got a barnacled rune of Zot
 54444 | Shoals:4 | Reached ****** piety under Vehumet
 54712 | Shoals:4 | Identified the Almanac of the Mutagenic Oath
 54856 | Shoals:4 | Offered knowledge of Lehudib's Crystal Spear by Vehumet.
 54856 | Shoals:4 | Offered knowledge of Fire Storm by Vehumet.
 54856 | Shoals:4 | Offered knowledge of Chain Lightning by Vehumet.
 54895 | Shoals:4 | Learned a level 9 spell: Fire Storm
 58364 | D:13     | Reached XP level 18. HP: 104/104 MP: 4/43
 59321 | D:13     | Got a brightly glowing brass ring
 59340 | D:13     | Found a gate to the Vaults.
 59924 | D:14     | Found a frozen archway.
 59948 | IceCv    | Entered an ice cave
 61557 | IceCv    | Identified the ring of the Jester {*Contam MP+9 Int+3 Dex-5 SInv} (You took it off a big kobold on level 13 of the Dungeon)
 61967 | D:14     | Found Xomnirohi's Antique Armour Shoppe.
 61970 | D:14     | Bought the +4 moon troll leather armour {Spirit, Regen++ MP+5} for 1540 gold pieces
 62905 | Snake:4  | Entered Level 4 of the Snake Pit
 65161 | Snake:4  | Reached skill level 20 in Fire Magic
 65247 | Snake:4  | Reached XP level 19. HP: 108/108 MP: 44/44
 65286 | Snake:4  | Got a serpentine rune of Zot
 65994 | Vaults:1 | Entered Level 1 of the Vaults
 67967 | Vaults:2 | Found Zunt's Gadget Shop.
 69049 | Vaults:2 | Found a staircase to the Crypt.
 69255 | Vaults:3 | Noticed Mara
 69261 | Vaults:3 | Killed Mara
 69261 | Vaults:3 | Reached skill level 21 in Fire Magic
 69749 | Vaults:3 | Found Leshrur's Jewellery Emporium.
 69787 | Vaults:3 | Reached XP level 20. HP: 114/114 MP: 43/46
 70197 | Vaults:3 | Noticed a lich
 70202 | Vaults:3 | Cast into the Abyss (a lich)
 70520 | Abyss:1  | Found a corrupted altar of Lugonu.
 71706 | Abyss:3  | Found a corrupted altar of Lugonu.
 71837 | Abyss:3  | Found a corrupted altar of Lugonu.
 71859 | Abyss:3  | Lost mutation: Your mind is acute. (Int +2) [a neqoxec]
 72528 | Abyss:3  | Found a corrupted altar of Lugonu.
 72653 | Abyss:3  | Lost strength.
 72681 | Abyss:3  | Found a corrupted altar of Lugonu.
 72769 | Abyss:3  | Found a corrupted altar of Lugonu.
 72809 | Abyss:3  | HP: 3/104 [mottled draconian monk (12)]
 72928 | Vaults:3 | Escaped the Abyss
 72931 | Vaults:3 | Killed a lich
 73662 | Vaults:4 | Found Enolodwu's Gadget Shop.
 73729 | Vaults:4 | Noticed Mennas
 73896 | Vaults:4 | Killed Mennas
 74010 | Vaults:4 | Reached XP level 21. HP: 98/121 MP: 18/47
 74059 | Vaults:4 | Found a magical portal.
 74084 | WizLab   | Entered Wucad Mu's Monastery
 74293 | WizLab   | Reached skill level 10 in Fighting
 74496 | WizLab   | Learned a level 6 spell: Haste
 74512 | WizLab   | Reached XP level 22. HP: 127/127 MP: 48/48
 74515 | WizLab   | Gained mutation: Your muscles are strong. (Str +2) [potion of beneficial mutation]
 74984 | Vaults:4 | Noticed Xtahua
 74989 | Vaults:4 | Killed Xtahua
 74989 | Vaults:4 | Reached skill level 22 in Fire Magic
 75427 | Vaults:4 | Noticed Jory
 75432 | Vaults:4 | Killed Jory
 75680 | Vaults:4 | Reached skill level 15 in Dodging
 76241 | Elf:1    | Entered Level 1 of the Elven Halls
 76344 | Elf:1    | Found a portal to a secret trove of treasure.
 76746 | Elf:1    | Found Tajagg's Antique Armour Shop.
 76750 | Elf:1    | Bought an embroidered robe for 21 gold pieces
 76750 | Elf:1    | Bought an embroidered cloak for 135 gold pieces
 77331 | Elf:1    | Found a deep blue altar of Sif Muna.
 77434 | Elf:2    | Identified a scroll of acquirement
 77542 | Elf:2    | Found a runed gate.
 77542 | Elf:2    | Found a runed gate.
 77543 | Elf:2    | Found a runed gate.
 77573 | Elf:2    | Found Haummat's General Store.
 77581 | Elf:2    | Bought a scroll of teleportation for 54 gold pieces
 77581 | Elf:2    | Bought a potion of curing for 54 gold pieces
 77582 | Elf:2    | Bought a +2 short sword of protection for 280 gold pieces
 77785 | Elf:3    | Entered Level 3 of the Elven Halls
 78254 | Elf:3    | Found a radiant altar of Vehumet.
 78534 | Elf:3    | Noticed Wiglaf
 78539 | Elf:3    | Killed Wiglaf
 79610 | Elf:3    | Reached XP level 23. HP: 138/138 MP: 37/50
 79682 | Elf:3    | Got a shimmering storm dragon armour
 79685 | Elf:3    | Got a heavily runed golden ring
 79693 | Elf:3    | Got a distressingly furry scale mail
 79709 | Elf:3    | Identified the ring of Xom's Sleight of Hands {Dex+3 Stlth-} (You took it off a deep elf death mage on level 3 of the Elven Halls)
 79713 | Elf:3    | Identified the +9 storm dragon armour of Elyvilon's Esteem {rElec rPois} (You took it off a deep elf high priest on level 3 of the Elven Halls)
 79715 | Elf:3    | Gained mutation: You have sharp toenails. [potion of beneficial mutation]
 79725 | Elf:3    | Got a faintly humming leather armour
 79726 | Elf:3    | Identified the +1 leather armour of Elyisy {*Corrode rN+ MR+} (You took it off a deep elf knight on level 3 of the Elven Halls)
 79796 | Elf:3    | Got a bound jade ring
 79797 | Elf:3    | Identified the ring of the Komtur {+Fly rF+++ rN+ Str-5 Stlth-} (You found it on level 3 of the Elven Halls)
 79808 | Elf:3    | Identified the Disquisition on Battle Magic and Beguiling
 79816 | Elf:3    | Identified the Disquisition on the Compass
 79845 | Elf:3    | Identified the Handbook of Flamy Blows and Bruises
 80412 | D:15     | Entered Level 15 of the Dungeon
 80548 | D:15     | Found a staircase to the Depths.
 80550 | D:15     | Got a heavily runed helmet
 80551 | D:15     | Identified the +0 helmet of Fuelun {Regen+} (You found it on level 15 of the Dungeon)
 80629 | D:15     | Noticed Kirke
 80630 | D:15     | Killed Kirke
 81237 | Depths:1 | Entered Level 1 of the Depths
 81272 | Depths:1 | Found a shattered altar of Ashenzari.
 81366 | Depths:1 | Noticed the Enchantress
 81367 | Depths:1 | Killed the Enchantress
 81438 | Depths:1 | Got a faerie dragon armour
 81951 | Depths:1 | Found a one-way gate leading to the halls of Pandemonium.
 82664 | Depths:2 | Reached skill level 10 in Charms
 82858 | Depths:2 | Learned a level 5 spell: Shadow Creatures
 84621 | Depths:2 | Found a runed door.
 84891 | Depths:2 | Noticed a juggernaut
 84896 | Depths:2 | Killed a juggernaut
 85390 | Depths:2 | Reached XP level 24. HP: 148/148 MP: 51/51
 85607 | Depths:2 | Reached skill level 5 in Armour
 85894 | Depths:2 | Found a one-way gate to the infinite horrors of the Abyss.
 85902 | Depths:2 | Noticed a juggernaut
 85904 | Depths:2 | Got a shimmering tin ring
 85967 | Depths:2 | Identified the ring of Wuppias {+Fly rElec MR+ MP-9 Dex+2} (You found it on level 2 of the Depths)
 86272 | Depths:2 | Killed a juggernaut
 86409 | Depths:2 | Got a bloodstained scale mail
 87466 | Depths:2 | Reached skill level 23 in Fire Magic
 89529 | Depths:4 | Reached skill level 15 in Fighting
 90053 | Depths:4 | Reached XP level 25. HP: 133/155 MP: 51/51
 91882 | Depths:5 | Entered Level 5 of the Depths
 91960 | Depths:5 | Noticed Jorgrun
 92120 | Depths:5 | Killed Jorgrun
 92289 | Depths:5 | Found a gateway to a ziggurat.
 92400 | Depths:5 | Got an ichor-stained scale mail
 92725 | Depths:5 | Found a gate to the Realm of Zot.
 92746 | Depths:5 | Reached skill level 10 in Armour
 93095 | Depths:5 | Got a translucent cloak
 93096 | Depths:5 | Identified the +2 cloak "Xefeng" {*Contam MR+ MP+9 SInv} (You found it on level 5 of the Depths)
 94269 | Elf:2    | Learned a level 6 spell: Deflect Missiles
 94807 | Zig:1    | Entered Level 1 of a ziggurat
 94898 | Zig:2    | Entered Level 2 of a ziggurat
 95048 | Zig:3    | Entered Level 3 of a ziggurat
 95193 | Zig:4    | Entered Level 4 of a ziggurat
 95287 | Zig:4    | Learned a level 1 spell: Apportation
 95290 | Zig:4    | Learned a level 2 spell: Blink
 95293 | Zig:4    | Reached XP level 26. HP: 163/163 MP: 52/52
 95339 | Zig:5    | Entered Level 5 of a ziggurat
 95628 | Zig:5    | Got a bloodstained broad axe
 95629 | Zig:5    | Identified the +6 broad axe "Tolebe" {pain, MP-9 Int+3 Dex+6} (You found it on level 5 of a ziggurat)
 95765 | Zig:6    | Entered Level 6 of a ziggurat
 95842 | Zig:6    | Got a transparent dagger
 95843 | Zig:6    | Identified the cursed +1 dagger "Jaiqeoq" {pierce, +Fly rElec rC+++ MR-} (You found it on level 6 of a ziggurat)
 95853 | Zig:6    | Identified Ocryas's Incunabulum of Conjuration (You found it on level 6 of a ziggurat)
 96017 | Zig:7    | Entered Level 7 of a ziggurat
 96167 | Zig:8    | Entered Level 8 of a ziggurat
 96208 | Zig:8    | Reached XP level 27. HP: 168/168 MP: 52/52
 96215 | Zig:8    | Got a fine wooden ring
 96217 | Zig:8    | Identified the ring "Memywuje" {Fire +Fly Int-5 Dex-5 Stlth+} (You found it on level 8 of a ziggurat)
 96318 | Zig:9    | Entered Level 9 of a ziggurat
 96367 | Zig:9    | Got an ichor-stained ring mail
 96540 | Zig:10   | Entered Level 10 of a ziggurat
 96609 | Zig:10   | Got a flickering tin ring
 96611 | Zig:10   | Identified the ring of Visodiec {rF+ MR- Str+2 Int+2} (You found it on level 10 of a ziggurat)
 96616 | Zig:10   | Identified Sif Muna's Collected Works on Sinister Beguiling
 96622 | Zig:10   | Got an ancient chain mail
 96688 | Zig:11   | Entered Level 11 of a ziggurat
 96832 | Zig:12   | Entered Level 12 of a ziggurat
 96902 | Zig:12   | Got a flickering golden ring
 96906 | Zig:12   | Identified the ring of Betocaze {Ice Int+2} (You found it on level 12 of a ziggurat)
 96915 | Zig:12   | Got an ancient silver ring
 96916 | Zig:12   | Identified the ring "Miebonla" {rF+ Dex+5 SInv} (You found it on level 12 of a ziggurat)
 97077 | Zig:13   | Entered Level 13 of a ziggurat
 97094 | Zig:13   | Reached skill level 24 in Conjurations
 97123 | Zig:13   | Identified The Lost Papyrus of the Greatest Mummy
 97132 | Zig:13   | Learned a level 7 spell: Ring of Flames
 97222 | Zig:14   | Entered Level 14 of a ziggurat
 97274 | Zig:14   | Reached skill level 15 in Armour
 97276 | Zig:14   | Got a faintly humming leather armour
 97277 | Zig:14   | Identified the cursed +0 leather armour of the Eight Eyes {rCorr} (You found it on level 14 of a ziggurat)
 97296 | Zig:14   | Identified a +0 pair of boots of running (You found it on level 13 of a ziggurat)
 97309 | Zig:14   | Got a wavering golden ring
 97311 | Zig:14   | Identified the ring "Gonwu" {SustAt rPois rC++ Int-2 SInv} (You found it on level 14 of a ziggurat)
 97324 | Zig:14   | Got a slimy ivory ring
 97329 | Zig:14   | Identified the ring of Toimunk {+Fly rPois Str+2} (You found it on level 14 of a ziggurat)
 97427 | Zig:15   | Entered Level 15 of a ziggurat
 97490 | Zig:15   | Got a wavering iron ring
 97492 | Zig:15   | Identified the ring "Berast" {Ice Int+4} (You found it on level 15 of a ziggurat)
 97502 | Zig:15   | Got an ichor-stained chain mail
 97586 | Zig:16   | Entered Level 16 of a ziggurat
 97610 | Zig:16   | Noticed a juggernaut
 97612 | Zig:16   | Noticed a juggernaut
 97613 | Zig:16   | Killed a juggernaut
 97613 | Zig:16   | Killed a juggernaut
 97614 | Zig:16   | Noticed a juggernaut
 97614 | Zig:16   | Noticed a juggernaut
 97614 | Zig:16   | Noticed a juggernaut
 97615 | Zig:16   | Killed a juggernaut
 97615 | Zig:16   | Killed a juggernaut
 97617 | Zig:16   | Killed a juggernaut
 97640 | Zig:16   | Identified The Intricacies of Rites and Rhymes
 97662 | Zig:16   | Identified the Disquisition on the Birds
 97747 | Zig:17   | Entered Level 17 of a ziggurat
 97774 | Zig:17   | Reached skill level 25 in Spellcasting
 97915 | Zig:18   | Entered Level 18 of a ziggurat
 97935 | Zig:18   | Noticed a juggernaut
 97937 | Zig:18   | Killed a juggernaut
 97939 | Zig:18   | Noticed a juggernaut
 97941 | Zig:18   | Noticed a juggernaut
 97941 | Zig:18   | Killed a juggernaut
 97943 | Zig:18   | Killed a juggernaut
 97947 | Zig:18   | Noticed a juggernaut
 97948 | Zig:18   | Killed a juggernaut
 98038 | Zig:18   | Identified the Reference Book on the Oath
 98102 | Zig:19   | Entered Level 19 of a ziggurat
 98128 | Zig:19   | Noticed an ancient lich
 98130 | Zig:19   | Killed an ancient lich
 98137 | Zig:19   | Noticed an ancient lich
 98138 | Zig:19   | Killed an ancient lich
 98141 | Zig:19   | Noticed an ancient lich
 98142 | Zig:19   | Killed an ancient lich
 98142 | Zig:19   | Reached skill level 26 in Spellcasting
 98190 | Zig:19   | Identified Sif Muna's Grimoire of Combat Magic (You found it on level 19 of a ziggurat)
 98293 | Zig:20   | Entered Level 20 of a ziggurat
 98319 | Zig:20   | Noticed Jivoroza the pandemonium lord
 98321 | Zig:20   | Noticed Naischeli the pandemonium lord
 98323 | Zig:20   | Killed Naischeli the pandemonium lord
 98324 | Zig:20   | Noticed Reicis the pandemonium lord
 98325 | Zig:20   | Killed Jivoroza the pandemonium lord
 98326 | Zig:20   | Noticed Potybb the pandemonium lord
 98329 | Zig:20   | Noticed Yngaumumab the pandemonium lord
 98329 | Zig:20   | Killed Reicis the pandemonium lord
 98330 | Zig:20   | Killed Potybb the pandemonium lord
 98330 | Zig:20   | Killed Yngaumumab the pandemonium lord
 98340 | Zig:20   | Noticed Okhydaogg the pandemonium lord
 98343 | Zig:20   | Killed Okhydaogg the pandemonium lord
 98345 | Zig:20   | Noticed Caqazoh the pandemonium lord
 98357 | Zig:20   | Killed Caqazoh the pandemonium lord
 98572 | Zig:20   | Identified the Reference Book on Excruciating Weightlessness
 98575 | Zig:20   | Identified the Guide on Curses and Transmutation
 98578 | Zig:20   | Got a translucent golden ring
 98580 | Zig:20   | Identified the ring of False Pretenses {*Contam rElec MR+ Int+2 SInv} (You found it on level 20 of a ziggurat)
 98599 | Zig:20   | Got a smoking marble ring
 98600 | Zig:20   | Identified the ring "Ticostry" {rPois SInv} (You found it on level 20 of a ziggurat)
 98601 | Zig:20   | Gained mutation: Armour fits poorly on your strangely shaped body. [mutagenic glow]
 98602 | Zig:20   | Lost mutation: You have sharp toenails. [potion of cure mutation]
 98602 | Zig:20   | Lost mutation: You have a pair of horns on your head. [potion of cure mutation]
 98602 | Zig:20   | Lost mutation: Armour fits poorly on your strangely shaped body. [potion of cure mutation]
 98602 | Zig:20   | Lost mutation: You have a pair of small horns on your head. [potion of cure mutation]
 98632 | Zig:20   | Learned a level 6 spell: Bolt of Fire
 98639 | Zig:20   | Got a crude chain mail
 98836 | Zig:21   | Entered Level 21 of a ziggurat
 98850 | Zig:21   | Noticed Iciar the pandemonium lord
 98854 | Zig:21   | Killed Iciar the pandemonium lord
 98875 | Zig:21   | Noticed Yntex the pandemonium lord
 98876 | Zig:21   | Killed Yntex the pandemonium lord
 98880 | Zig:21   | Noticed Beduu the pandemonium lord
 98882 | Zig:21   | Noticed Quad the pandemonium lord
 98883 | Zig:21   | Noticed Duopp the pandemonium lord
 98886 | Zig:21   | Noticed Xyes Zyhav the pandemonium lord
 98888 | Zig:21   | Killed Beduu the pandemonium lord
 98889 | Zig:21   | Killed Duopp the pandemonium lord
 98890 | Zig:21   | Killed Xyes Zyhav the pandemonium lord
 98890 | Zig:21   | Killed Quad the pandemonium lord
 98891 | Zig:21   | Noticed Hunecis the pandemonium lord
 98891 | Zig:21   | Noticed Wokaxeid the pandemonium lord
 98891 | Zig:21   | Noticed Tualeg the pandemonium lord
 98892 | Zig:21   | Noticed Yfingy the pandemonium lord
 98893 | Zig:21   | Killed Tualeg the pandemonium lord
 98894 | Zig:21   | Killed Yfingy the pandemonium lord
 98895 | Zig:21   | Killed Wokaxeid the pandemonium lord
 98896 | Zig:21   | Noticed Kenwomup the pandemonium lord
 98897 | Zig:21   | Noticed Orhale the pandemonium lord
 98899 | Zig:21   | Noticed Robb the pandemonium lord
 98900 | Zig:21   | Killed Hunecis the pandemonium lord
 98900 | Zig:21   | Killed Orhale the pandemonium lord
 98901 | Zig:21   | Noticed Haderh Qoysm the pandemonium lord
 98901 | Zig:21   | Killed Kenwomup the pandemonium lord
 98901 | Zig:21   | Reached skill level 27 in Spellcasting
 98903 | Zig:21   | Killed Haderh Qoysm the pandemonium lord
 98906 | Zig:21   | Killed Robb the pandemonium lord
 99172 | Zig:21   | Got a bound tin ring
 99173 | Zig:21   | Identified the ring of the Ancients {+/*Tele rPois Str-2 Int+8 Dex+4} (You found it on level 21 of a ziggurat)
 99253 | Zig:22   | Entered Level 22 of a ziggurat
 99657 | Zig:22   | Got a pair of polished boots
 99658 | Zig:22   | Identified the +2 pair of boots of Xeupix {rElec Regen+ Int+4} (You found it on level 22 of a ziggurat)
 99674 | Zig:22   | Got a heavily runed shield
 99675 | Zig:22   | Identified the +1 shield of the Earth {rPois Int+3} (You acquired it on level 22 of a ziggurat)
 99692 | Zig:22   | Got a scintillating platinum ring
 99693 | Zig:22   | Identified the ring of Quruer {rPois rC+ rN+ Int+4 Stlth-} (You found it on level 22 of a ziggurat)
100166 | Elf:1    | You paid a toll of a +9 gold dragon armour to enter a treasure trove
100167 | Trove    | Entered a treasure trove
100539 | Slime:1  | Entered Level 1 of the Pits of Slime
100699 | Slime:2  | Noticed Dissolution
100706 | Slime:1  | Killed Dissolution
102188 | Slime:6  | Entered Level 6 of the Pits of Slime
102351 | Slime:6  | Noticed the royal jelly
102355 | Slime:6  | Killed the royal jelly
102545 | Slime:6  | Got a slimy rune of Zot
102551 | Slime:6  | Got a spiked ring mail
102584 | Slime:6  | Got a pair of encrusted gloves
102585 | Slime:6  | Identified the +5 pair of gloves of the Realm of Zot {*Contam rN+ rCorr} (You found it on level 6 of the Pits of Slime)
102617 | Slime:6  | Got a smoking spear
102618 | Slime:6  | Identified the +6 spear "Litia" {drain, Str+4 Int+6} (You found it on level 6 of the Pits of Slime)
102645 | Slime:6  | Got a dazzling war axe
102646 | Slime:6  | Identified the +7 war axe of the Jolly Songs {drain, rPois rF- Str+4 Int+5} (You found it on level 6 of the Pits of Slime)
102705 | Slime:6  | Got a warped long sword
102706 | Slime:6  | Identified the +4 long sword "Qeidd" {venom, Stlth+} (You found it on level 6 of the Pits of Slime)
102726 | Slime:6  | Got a polished quarterstaff
102727 | Slime:6  | Identified the +4 quarterstaff "Poneuram" {flame, MR++} (You found it on level 6 of the Pits of Slime)
103705 | Zot:1    | Entered Level 1 of the Realm of Zot
105239 | Zot:1    | Identified the Grimoire of Beguiling and Poisoning
105973 | Zot:2    | Got a steaming robe
105974 | Zot:2    | Identified the +1 robe of Amelioration {Int+3} (You found it on level 2 of the Realm of Zot)
106755 | Zot:2    | Got a faintly glowing chain mail
110714 | Zot:5    | Entered Level 5 of the Realm of Zot
111486 | Zot:5    | Noticed an ancient lich
111493 | Zot:5    | Killed an ancient lich
111617 | Zot:5    | Noticed an ancient lich
111618 | Zot:5    | Killed an ancient lich
111622 | Zot:5    | Noticed an ancient lich
111623 | Zot:5    | Killed an ancient lich
111824 | Zot:5    | Reached skill level 27 in Fighting
111950 | Zot:5    | Noticed an ancient lich
111951 | Zot:5    | Killed an ancient lich
112041 | Zot:5    | Found a blossoming altar of Fedhas.
112513 | Zot:5    | Noticed an orb of fire
112517 | Zot:5    | Killed an orb of fire
112724 | Zot:5    | Noticed an orb of fire
112729 | Zot:5    | Killed an orb of fire
112885 | Zot:5    | Noticed an orb of fire
112891 | Zot:5    | Killed an orb of fire
113060 | Zot:5    | Noticed an orb of fire
113068 | Zot:5    | Killed an orb of fire
113169 | Zot:5    | Noticed an orb of fire
113172 | Zot:5    | Killed an orb of fire
113335 | Zot:5    | Noticed an orb of fire
113343 | Zot:5    | Killed an orb of fire
113634 | Zot:5    | Gained mutation: You possess an exceptional clarity of mind. [potion of beneficial mutation]
113847 | Zot:5    | Got the Orb of Zot
113930 | Zot:5    | Noticed Ocuteu the pandemonium lord
113934 | Zot:5    | Killed Ocuteu the pandemonium lord
114069 | Depths:4 | Noticed Ypityleps the pandemonium lord
114069 | Depths:4 | Noticed an ancient lich
114073 | Depths:4 | Killed Ypityleps the pandemonium lord
114075 | Depths:4 | Killed an ancient lich
114147 | Depths:2 | Noticed a seraph
114154 | Depths:2 | Killed a seraph
114481 | D:6      | Killed Senshi's ghost
114488 | D:6      | Noticed Olowousu the pandemonium lord
114490 | D:6      | Killed Olowousu the pandemonium lord
114721 | D:$      | Escaped with the Orb!

Action                   |  1- 3 |  4- 6 |  7- 9 | 10-12 | 13-15 | 16-18 | 19-21 | 22-24 | 25-27 || total
-------------------------+-------+-------+-------+-------+-------+-------+-------+-------+-------++-------
Melee: Short sword       |     2 |    17 |     1 |       |       |       |       |       |       ||    20
       Whip              |       |       |     4 |     9 |       |       |       |       |       ||    13
       Dagger            |       |       |       |    33 |   127 |    93 |    35 |       |    75 ||   363
       Staff             |       |       |       |       |       |       |     7 |     1 |     7 ||    15
 Cast: Flame Tongue      |    28 |    22 |    45 |       |       |       |       |       |       ||    95
       Throw Flame       |    30 |    53 |   210 |   584 |   139 |       |       |       |       ||  1016
       Conjure Flame     |     2 |     4 |     2 |     2 |       |       |       |       |       ||    10
       Sticky Flame      |       |     2 |     9 |    47 |    44 |    21 |       |       |       ||   123
       Fireball          |       |       |     3 |    28 |    47 |   110 |     7 |     4 |     1 ||   200
       Summon Butterflie |       |       |     1 |     9 |     2 |     1 |       |       |       ||    13
       Stone Arrow       |       |       |     1 |     4 |       |       |       |       |       ||     5
       Iskenderun's Myst |       |       |       |    49 |   594 |   485 |    69 |   164 |     2 ||  1363
       Iskenderun's Batt |       |       |       |     1 |       |       |       |       |       ||     1
       Bolt of Magma     |       |       |       |     3 |   103 |   385 |   336 |   267 |    89 ||  1183
       Regeneration      |       |       |       |       |    12 |    22 |     1 |     4 |    32 ||    71
       Orb of Destructio |       |       |       |       |     4 |    14 |     1 |    90 |    64 ||   173
       Shroud of Golubri |       |       |       |       |     7 |    20 |     1 |     5 |    33 ||    66
       Delayed Fireball  |       |       |       |       |     2 |     2 |     1 |       |     1 ||     6
       Iron Shot         |       |       |       |       |     5 |    32 |    20 |    24 |    85 ||   166
       Repel Missiles    |       |       |       |       |     2 |     4 |     4 |     4 |     2 ||    16
       Fire Storm        |       |       |       |       |       |     4 |    65 |   151 |   334 ||   554
       Haste             |       |       |       |       |       |       |       |    10 |    49 ||    59
       Deflect Missiles  |       |       |       |       |       |       |       |       |     7 ||     7
       Bolt of Fire      |       |       |       |       |       |       |       |       |   455 ||   455
       Ring of Flames    |       |       |       |       |       |       |       |       |     4 ||     4
       Blink             |       |       |       |       |       |       |       |       |     1 ||     1
 Abil: Blink             |       |       |       |     4 |     1 |     1 |     8 |     2 |     1 ||    17
       Release Delayed F |       |       |       |       |     1 |     2 |       |       |       ||     3
Evoke: Wand              |       |       |       |     3 |     4 |    14 |    23 |     8 |    12 ||    64
  Use: Scroll            |       |     4 |    15 |     8 |    17 |    20 |    15 |    22 |    50 ||   151
       Potion            |       |       |     1 |     4 |     3 |    15 |    13 |     4 |    33 ||    73
 Stab: Invisible         |       |       |       |       |       |       |       |       |     5 ||     5
  Eat: Chunk             |     3 |     5 |    19 |    44 |    42 |    31 |    26 |    48 |    14 ||   232
       Bread ration      |     1 |       |       |       |     1 |     3 |     4 |     5 |    18 ||    32
       Meat ration       |       |       |     1 |       |     1 |     2 |       |     1 |     2 ||     7
       Royal jelly       |       |       |       |     1 |     6 |     2 |     1 |     3 |     1 ||    14
       Fruit             |       |       |       |       |     4 |    15 |    11 |     4 |       ||    34
       Pizza             |       |       |       |       |       |       |     1 |     1 |     2 ||     4
